 Dungeon Crawl Stone Soup version 0.27-a0-323-gbd089401bb (webtiles) character file.

Game seed: 3901858733351079604

300226 dinky3 the Spry (level 21, -3/148 HPs)
             Began as an Octopode Monk on Feb 10, 2021.
             Was the Champion of Cheibriados.
             Killed from afar by a deep elf annihilator (58 damage)
             ... with an iron shot
             ... on level 3 of the Elven Halls on Feb 11, 2021.
             The game lasted 01:18:32 (48888 turns).

dinky3 the Spry (Octopode Monk)                    Turns: 48888, Time: 01:18:32

Health: -3/148     AC:  7    Str: 45    XL:     21   Next: 37%
Magic:  22/30      EV: 53    Int: 28    God:    Cheibriados [******]
Gold:   3982       SH: 21    Dex: 43    Spells: 9/32 levels left

rFire    . . .     SeeInvis +   a - +5 scimitar (freeze)
rCold    . . .     Faith    +   t - +2 kite shield
rNeg     . . .     Spirit   .   u - +0 hat
rPois    .         Reflect  .   O - amulet of faith
rElec    .         Harm     .   p - +6 ring of strength
rCorr    .         Rampage  .   r - +4 ring of protection
Will     +++..                  E - +6 ring of strength
Stlth    +++++.....             H - +6 ring of strength
HPRegen  0.34/turn              Q - ring of willpower
MPRegen  0.22/turn              L - +4 ring of evasion
                                X - +6 ring of dexterity
                                W - ring of willpower

@: studying Summonings, very slow
A: almost no armour, stealthy swim, amphibious, 8 rings, constrict 8, iridescent
scales 1, camouflage 1, see invisible, gelatinous body 1
}: 1/15 runes: gossamer
a: Renounce Religion, Bend Time, Temporal Distortion, Slouch, Step From Time


You were on level 3 of the Elven Halls.
You worshipped Cheibriados.
Cheibriados was exalted by your worship.
You visited 7 branches of the dungeon, and saw 34 of its levels.
You also visited: Bailey.

You collected 5141 gold pieces.
You spent 1159 gold pieces at shops.

Inventory:

Hand Weapons
 a - a +5 scimitar of freezing (weapon)
 b - a +0 scimitar of flaming
 c - a +1 dagger of distortion
Missiles
 m - 40 boomerangs (quivered)
 q - 4 javelins
 A - 3 silver javelins
 P - a throwing net
 T - 12 curare-tipped darts
Armour
 t - a +2 kite shield (worn)
 u - a +0 hat (worn)
Jewellery
 p - a +6 ring of strength (left tentacle)
 r - a +4 ring of protection (right tentacle)
 w - a ring of fire
 E - a +6 ring of strength (on tentacle)
 H - a +6 ring of strength (on tentacle)
 L - a +4 ring of evasion (on tentacle)
 N - a ring of ice
 O - an amulet of faith (around mantle)
 Q - a ring of willpower (on tentacle)
 W - a ring of willpower (on tentacle)
 X - a +6 ring of dexterity (on tentacle)
Wands
 h - a wand of flame (56)
 x - a wand of digging (10)
 C - a wand of acid (15)
 M - a wand of iceblast (33)
 R - a wand of paralysis (11)
 V - a wand of polymorph (7)
 Z - a wand of mindburst (6)
Scrolls
 d - 7 scrolls of amnesia
 f - 6 scrolls of magic mapping
 g - 13 scrolls of teleportation
 l - 4 scrolls of fog
 o - 11 scrolls of immolation
 s - 5 scrolls of enchant armour
 y - 3 scrolls of fear
 z - a scroll of summoning
 K - 4 scrolls of blinking
 S - 5 scrolls of enchant weapon
 U - 6 scrolls of identify
Potions
 e - 5 potions of mutation
 i - 5 potions of might
 j - 10 potions of ambrosia
 k - 2 potions of heal wounds
 n - 10 potions of curing
 v - 2 potions of magic
 B - 4 potions of lignification
 F - 2 potions of cancellation
 I - 2 potions of resistance
 J - 6 potions of brilliance
 Y - 2 potions of flight
Miscellaneous
 D - a phial of floods (inert)
 G - a box of beasts (inert)


   Skills:
 + Level 14.0 Fighting
 - Level 14.0 Long Blades
 - Level 8.0 Throwing
 + Level 17.5 Dodging
 - Level 2.6 Stealth
 - Level 15.0 Shields
 - Level 6.0 Spellcasting
 - Level 8.0 Hexes
 - Level 7.2 Transmutations
 - Level 8.0 Air Magic
 - Level 1.9 Earth Magic
 - Level 13.0 Invocations
 + Level 5.0 Evocations


You had 9 spell levels left.
You knew the following spells:

 Your Spells              Type           Power        Failure   Level
a - Beastly Appendage     Tmut           98%          1%          1
b - Wereblood             Tmut           49%          1%          2
c - Petrify               Tmut/Erth      34%          9%          4
d - Gell's Gravitas       Tloc           4%           19%         3
e - Yara's Violent Unrav  Hex/Tmut       25%          8%          5
f - Spider Form           Tmut/Pois      14%          4%          3
g - Silence               Hex/Air        26%          6%          5

Your spell library contained the following spells:

 Spells                   Type           Power        Failure   Level
 Corona                   Hex            57%          1%          1
 Ensorcelled Hibernation  Hex/Ice        60%          1%          2
 Slow                     Hex            52%          1%          2
 Confusing Touch          Hex            52%          1%          3
 Tukima's Dance           Hex            52%          1%          3
 Cause Fear               Hex            26%          2%          4
 Dazzling Flash           Conj/Hex       60%          3%          3
 Inner Flame              Hex/Fire       30%          3%          3
 Portal Projectile        Hex/Tloc       60%          3%          3
 Summon Guardian Golem    Hex/Summ       30%          3%          3
 Foxfire                  Conj/Fire      32%          6%          1
 Magic Dart               Conj           32%          6%          1
 Summon Small Mammal      Summ           32%          6%          1
 Leda's Liquefaction      Hex/Erth       18%          8%          4
 Call Imp                 Summ           8%           9%          2
 Searing Ray              Conj           16%          9%          2
 Blade Hands              Tmut           24%          9%          5
 Fulminant Prism          Conj/Hex       15%          12%         4
 Summon Lightning Spire   Summ/Air       30%          12%         4
 Ice Form                 Ice/Tmut       28%          14%         4
 Call Canine Familiar     Summ           8%           19%         3
 Conjure Flame            Conj/Fire      8%           19%         3
 Metabolic Englaciation   Hex/Ice        15%          32%         5
 Summon Mana Viper        Hex/Summ       30%          32%         5
 Iskenderun's Mystic Bla  Conj/Tloc      8%           52%         4
 Sticky Flame             Conj/Fire      8%           52%         4
 Summon Ice Beast         Ice/Summ       8%           52%         4
 Fireball                 Conj/Fire      4%           86%         5
 Conjure Ball Lightning   Conj/Air       15%          87%         6
 Dragon Form              Tmut           24%          95%         7
 Shadow Creatures         Summ           N/A          100%        6
 Malign Gateway           Summ/Tloc      4%           100%        7
 Spellforged Servitor     Conj/Summ      4%           100%        7
 Summon Hydra             Summ           4%           100%        7
 Dragon's Call            Summ           4%           100%        9
 Tornado                  Air            26%          100%        9
 Animate Armour           Summ/Erth      Unusable     N/A         4

Dungeon Overview and Level Annotations

Branches:
Dungeon (15/15)            Temple (1/1) D:4            Lair (6/6) D:8
  Swamp (0/4) Lair:2       Spider (4/4) Lair:4        Slime (0/5) Lair:5
    Orc (2/2) D:12            Elf (3/3) Orc:2        Vaults (3/5) D:13
  Crypt (0/3) Vaults:2     Bailey (visited)
 Depths: D:15

Altars:
Ashenzari
Cheibriados
Dithmenos
Elyvilon
Fedhas
Gozag
Hepliaklqana
Kikubaaqudgha
Makhleb
Nemelex Xobeh
Okawaru
Qazlal
Ru
Sif Muna
Trog
Uskayaw
Vehumet
Wu Jian
Xom
Yredelemnul
Zin
The Shining One
Beogh

Shops:
D:7 (   D:12 [[   D:15 (   Orc:2 [(*[   Elf:2 [

Portals:
Abyss: D:8
Trove: Vaults:1 (show slimy rune of Zot)

Annotations:
D:2 1 runed translucent door, Crazy Yiuf
D:7 exclusion: downstairs
D:8 2 transporters, 4 runed translucent doors, tabyourdongers's ghost, amateur TrDe
D:15 exclusion: slime creature
Lair:1 exclusion: 2 oklob plants
Lair:6 3 runed translucent doors, Rudwu's ghost, journeyman FoGl
Elf:1 exclusion: door


Innate Abilities, Weirdness & Mutations

You cannot wear most types of armour.
You are very stealthy in the water. (Stealth+)
You are amphibious.
You can wear up to eight rings at the same time.
You can use your tentacles to constrict eight enemies at once.
Your skin changes colour to match your surroundings (Stealth+).
Your rubbery body absorbs attacks. (AC +1, EV +1)
You are partially covered in iridescent scales. (AC +2)
You have supernaturally acute eyesight. (SInv)


Message History

The deep elf high priest is severely wounded.
The deep elf high priest utters a dark prayer and points at you.
Your life force is offered up.
* * * LOW HITPOINT WARNING * * *
The deep elf high priest is healed.
Unknown command.
Aiming: Iceblast
Press: ? - help, Shift-Dir - straight line, f/p - deep elf high priest
Aim: a deep elf high priest, wielding a +0 falchion of holy wrath, wearing a +3 plate armour of willpower and wearing the amulet of Cer Myud {Spirit rN+ Dex+2 Stlth-} (heavily wounded)
The mass of ice explodes!
The iceblast engulfs the deep elf high priest!
The deep elf high priest is almost dead.
Aiming: Iceblast
Press: ? - help, Shift-Dir - straight line, f/p - deep elf high priest
Aim: a deep elf high priest, wielding a +0 falchion of holy wrath, wearing a +3 plate armour of willpower and wearing the amulet of Cer Myud {Spirit rN+ Dex+2 Stlth-} (almost dead)
Okay, then.
You feel much better.
The deep elf high priest completely misses you.
Aiming: Iceblast
Press: ? - help, Shift-Dir - straight line, p - deep elf high priest The mass of ice explodes!
The iceblast engulfs the deep elf high priest.
The deep elf high priest is almost dead.
The iceblast engulfs the deep elf annihilator!
The deep elf annihilator partially resists.
The deep elf annihilator is lightly wounded.
You block the deep elf high priest's attack.
Aiming: Iceblast
Press: ? - help, Shift-Dir - straight line, f - deep elf annihilator
Aim: a deep elf annihilator, wielding a +1 scimitar of holy wrath and wearing the +4 skin of Zhor {Englaciate rC+++ SInv} (lightly wounded)
The mass of ice explodes!
The iceblast engulfs the deep elf annihilator!
The deep elf annihilator partially resists.
The deep elf annihilator is moderately wounded.
The iceblast engulfs the deep elf high priest!
You kill the deep elf high priest!
Cheibriados thoroughly appreciates the change of pace.
The deep elf annihilator casts a spell at you.
The iron shot hits you!!!
You die...

###'### #.....#
#.....#
###########.!.##
#..)..........##
#..#########.#'##
##..## #.##.##
#....# #####.#
#.@..# ##.
##.).## ##
#..)e.# # #..|."#
# #.!.))# ##..).#
#.)).# ##))##
#.)#


You could see a deep elf annihilator.

Vanquished Creatures
  Saint Roka (Orc:1)
  Jory (Vaults:2)
  A bone dragon (Vaults:2)
  Rupert (D:14)
  Jorgrun (Orc:2)
  Asterion (Spider:4)
  2 deep elf blademasters
  A deep elf master archer (Elf:3)
  Frances (D:12)
  A sphinx (Vaults:2)
  4 deep elf sorcerers (Elf:3)
  2 vault wardens
  Nessos (D:14)
  2 ghost moths (Spider:4)
  An orc warlord (Orc:2)
  7 emperor scorpions
  3 deep elf elementalists (Elf:3)
  4 ironheart preservers
  2 stone giants (Vaults:2)
  3 deep elf demonologists (Elf:3)
  5 entropy weavers
  5 deep elf annihilators
  2 spark wasps
  4 deep elf death magi
  A mummy priest (Elf:1)
  3 fire dragons
  3 deep elf high priests (Elf:3)
  2 yaktaur captains
  2 great orbs of eyes
  4 vault guards (D:13)
  3 rakshasas
  4 hydras
  Harold (D:11)
  A catoblepas (D:13)
  5 boulder beetles
  An ice dragon (Lair:5)
  2 ogre magi (Vaults:2)
  Erica (D:8)
  8 centaur warriors
  4 two-headed ogres
  2 tengu warriors (D:13)
  A queen ant (Spider:4)
  A two-headed ogre (shapeshifter) (Elf:3)
  23 dancing weapons
  5 orc high priests
  3 death yaks (Lair:5)
  Urug (Orc:1)
  Sonja (Lair:1)
  Nergalle (Lair:1)
  21 deep elf knights
  8 skeletal warriors
  2 unseen horrors
  A sea snake (shapeshifter) (D:15)
  A glowing orange brain (D:15)
  4 deep trolls (Vaults:1)
  2 shadow demons (Elf:1)
  4 lindwurms
  Pikel (D:5)
  A swamp dragon (Lair:6)
  16 deep elf archers
  A necromancer (D:15)
  8 orc knights
  3 wizards (Vaults:1)
  A phantasmal warrior (D:14)
  5 ironbrand convokers
  34 deep elf zephyrmancers
  32 deep elf pyromancers
  2 orb spiders (shapeshifter) (D:15)
  24 ugly things
  34 wolf spiders
  12 orb spiders
  3 harpies (Vaults:2)
  A manticore (D:14)
  5 cyclopes
  3 orc sorcerers
  5 moths of wrath
  Maurice (D:8)
  2 vault sentinels
  Joseph (D:7)
  A black mamba (shapeshifter) (Vaults:1)
  5 torpor snails (Lair:6)
  4 black mambas
  14 cane toads
  Maggie (Lair:1)
  Psyche (D:8)
  2 gargoyles
  8 yaktaurs
  8 komodo dragons
  A freezing wraith (Vaults:2)
  5 rime drakes
  4 kobold demonologists
  2 ice devils (Lair:1)
  11 demonic crawlers
  A queen bee (shapeshifter) (Vaults:2)
  21 jumping spiders
  2 queen bees
  4 polar bears
  8 trolls
  4 tyrant leeches (Lair:6)
  6 meliai
  17 hornets
  Grinder (D:5)
  3 electric eels
  19 blink frogs
  Prince Ribbit (D:7)
  5 dream sheep (Lair:5)
  A snapping turtle (shapeshifter) (Vaults:2)
  A blink frog (shapeshifter) (Vaults:1)
  16 slime creatures
  A centaur simulacrum (D:15)
  Sigmund (D:6)
  2 spriggans (shapeshifter)
  3 shadows
  2 air elementals
  20 tarantellas
  40 yaks
  49 redbacks
  A human (shapeshifter) (Vaults:2)
  5 wyverns
  A vampire (D:15)
  2 fire elementals (Elf:1)
  Eustachio (D:4)
  A golden eye (shapeshifter) (Vaults:1)
  3 water elementals
  9 basilisks
  Grum (D:8)
  A human simulacrum (Vaults:1)
  7 wargs
  9 soldier ants
  17 water moccasins
  A soldier ant (shapeshifter) (Vaults:2)
  4 acid dragons
  3 sky beasts
  Duvessa (D:5)
  44 orc warriors
  2 ice beasts
  6 black bears
  2 swamp drakes (Lair:6)
  2 boggarts (Elf:1)
  16 ogres
  22 centaurs
  11 wolves
  2 phantoms
  A lemure (D:5)
  Blork the orc (D:5)
  5 kobold brigands
  An earth elemental (Elf:2)
  A gnoll sergeant (D:5)
  19 bullfrogs
  9 scorpions
  A wyvern skeleton (D:12)
  Dowan (D:5)
  A water moccasin skeleton (D:7)
  40 killer bees
  21 wights
  A howler monkey (D:6)
  A wyvern simulacrum (D:15)
  A lava snake (D:14)
  3 bullfrog zombies
  4 centaur zombies
  2 hounds
  19 orc priests
  5 jellies
  6 centaur skeletons
  A gnoll shaman (D:5)
  3 bullfrog skeletons
  10 iguanas
  41 orc wizards
  4 polar bear simulacra (D:15)
  21 worker ants
  A killer bee zombie (D:10)
  A wolf simulacrum (D:15)
  3 yak simulacra (D:15)
  A hound skeleton (D:7)
  A worker ant zombie (D:11)
  9 gnolls
  A howler monkey skeleton (D:5)
  16 adders
  2 shadow imps
  4 white imps
  2 ufetubi
  5 oozes (Lair:5)
  7 worms
  2 dart slugs
  5 leopard geckos
  133 orcs
  8 bats
  5 giant cockroaches
  11 goblins
  4 hobgoblins
  14 jackals
  19 kobolds
  5 quokkas
  2 ball pythons
  5 frilled lizards (D:1)
  2 quokka skeletons
  3 rats
  3 river rat simulacra (D:15)
1343 creatures vanquished.

Vanquished Creatures (collateral kills)
  A death knight (D:14)
  An orb spider (Spider:4)
  A wolf spider (Spider:4)
  A vault sentinel (Vaults:2)
  3 demonic crawlers (Spider:4)
  2 hornets
  A jumping spider (Spider:4)
  2 wraiths (D:14)
  An orc warrior (D:7)
  An orc priest (D:7)
  A worker ant (Spider:4)
  3 orcs
18 creatures vanquished.

Vanquished Creatures (others)
  An ironbrand convoker (Vaults:2)
  A lindwurm (Lair:4)
  A sky beast (D:13)
  2 bullfrog zombies (D:13)
  5 orcs
  3 butterflies (Lair:5)
  73 fungi
  97 plants
183 creatures vanquished.

Grand Total: 1544 creatures vanquished

Notes
Turn   | Place    | Note
-------+----------+-------------------------------------------
     0 | D:1      | dinky3 the Octopode Monk began the quest for the Orb.
     0 | D:1      | Reached XP level 1. HP: 16/16 MP: 1/1
    71 | D:1      | Reached XP level 2. HP: 19/21 MP: 2/2
   138 | D:1      | You fall into a shaft and drop 1 floor!
   138 | D:2      | Found a glowing golden altar of the Shining One.
   379 | D:1      | Reached XP level 3. HP: 12/26 MP: 3/3
   625 | D:1      | You fall into a shaft and drop 1 floor!
   969 | D:2      | Reached skill level 1 in Shields
   986 | D:2      | Reached XP level 4. HP: 28/31 MP: 4/4
  1311 | D:2      | Found a runed translucent door.
  1312 | D:2      | Noticed Crazy Yiuf
  1819 | D:3      | Reached XP level 5. HP: 30/37 MP: 5/5
  1959 | D:3      | Noticed a centaur
  1965 | D:3      | Gained mutation: You are partially covered in iridescent
                  | scales. (AC +2) [potion of mutation]
  1965 | D:3      | Gained mutation: You have supernaturally acute eyesight.
                  | (SInv) [potion of mutation]
  1977 | D:3      | HP: 1/37 [centaur (9)]
  1979 | D:3      | Killed a centaur
  1980 | D:3      | Reached skill level 4 in Dodging
  3041 | D:4      | Reached XP level 6. HP: 26/43 MP: 6/6
  3201 | D:4      | Noticed Eustachio
  3359 | D:4      | Killed Eustachio
  3635 | D:4      | Reached XP level 7. HP: 49/49 MP: 7/7
  3861 | D:4      | Found a shimmering blue altar of Sif Muna.
  3915 | D:5      | Entered Level 5 of the Dungeon
  4402 | D:5      | Noticed Blork the orc
  4431 | D:5      | Killed Blork the orc
  4597 | D:5      | Noticed Pikel
  4668 | D:5      | Reached skill level 5 in Fighting
  4672 | D:5      | Reached skill level 5 in Dodging
  4789 | D:5      | Found a broken altar of Ashenzari.
  4814 | D:5      | Reached skill level 5 in Long Blades
  4814 | D:5      | Reached skill level 5 in Shields
  4814 | D:5      | Reached XP level 8. HP: 55/55 MP: 8/8
  4978 | D:5      | Noticed Grinder
  5395 | D:5      | Noticed Dowan
  5395 | D:5      | Noticed Duvessa
  5464 | D:5      | Killed Dowan
  5910 | D:5      | Paralysed by Grinder for 5 turns
  5918 | D:5      | Paralysed by Grinder for 2 turns
  5924 | D:5      | Paralysed by Grinder for 4 turns
  5932 | D:5      | Killed Grinder
  6215 | D:5      | Killed Pikel
  6216 | D:5      | Reached skill level 6 in Dodging
  6216 | D:5      | Reached XP level 9. HP: 51/62 MP: 9/9
  6353 | D:5      | Found a broken altar of Ashenzari.
  6975 | D:5      | Killed Duvessa
  8198 | D:6      | Noticed Sigmund
  8204 | D:6      | Killed Sigmund
  9842 | D:7      | Found a blossoming altar of Fedhas.
  9964 | D:7      | Noticed Prince Ribbit
  9971 | D:7      | Killed Prince Ribbit
  9972 | D:7      | Reached XP level 10. HP: 44/71 MP: 10/10
 10109 | D:7      | Found Kueles's Weapon Boutique.
 10160 | D:7      | Found a burning altar of Makhleb.
 10168 | D:7      | Reached skill level 7 in Dodging
 11216 | D:8      | Noticed Joseph
 11287 | D:8      | Noticed Maurice
 11288 | D:8      | Noticed a sun demon
 11390 | D:8      | Noticed Erica
 11451 | D:8      | Found a transporter.
 11500 | D:8      | Noticed Grum
 11517 | D:8      | Killed Grum
 11619 | D:8      | Found a transporter.
 11619 | D:8      | Found a one-way gate to the infinite horrors of the Abyss.
 11619 | D:8      | Noticed tabyourdongers's ghost (amateur TrDe)
 11840 | D:8      | Found a huge runed translucent gate.
 11840 | D:8      | Found a huge runed translucent gate.
 11840 | D:8      | Found a huge runed translucent gate.
 11840 | D:8      | Found a huge runed translucent gate.
 11841 | D:8      | Noticed a manticore
 11884 | D:8      | Killed Maurice
 12041 | D:8      | Found a staircase to the Lair.
 12380 | D:7      | Killed Joseph
 12381 | D:7      | Reached skill level 8 in Dodging
 12381 | D:7      | Reached skill level 10 in Shields
 12554 | D:8      | Reached XP level 11. HP: 77/77 MP: 11/11
 12816 | D:8      | Noticed Psyche
 12919 | Lair:1   | Entered Level 1 of the Lair of Beasts
 12954 | Lair:1   | Got an ichor-stained long sword
 12955 | Lair:1   | Identified the +0 long sword "Hydraslayer" {venom, Str+2}
                  | (You found it on level 1 of the Lair of Beasts)
 12996 | Lair:1   | Learned a level 1 spell: Beastly Appendage
 13266 | D:4      | Found a staircase to the Ecumenical Temple.
 13277 | Temple   | Entered the Ecumenical Temple
 13794 | D:8      | Killed Psyche
 13943 | D:8      | Killed Erica
 14755 | D:9      | Found a broken altar of Ashenzari.
 14786 | D:9      | Reached skill level 9 in Dodging
 15101 | D:9      | Found a snail-covered altar of Cheibriados.
 15119 | D:9      | Became a worshipper of Cheibriados the Contemplative
 15119 | D:9      | Reached * piety under Cheibriados
 15119 | D:9      | Reached ** piety under Cheibriados
 15255 | D:9      | Learned a level 2 spell: Wereblood
 15271 | D:10     | Entered Level 10 of the Dungeon
 15375 | D:10     | Reached skill level 1 in Transmutations
 15699 | D:11     | Noticed a red ugly thing
 15708 | D:11     | Killed a red ugly thing
 15764 | D:10     | Reached *** piety under Cheibriados
 16102 | D:11     | Noticed Harold
 16265 | D:11     | Found the +8 glaive of the Guard {elec, spectral, AC+5}
 16439 | D:11     | Noticed a purple ugly thing
 16446 | D:11     | Killed a purple ugly thing
 16447 | D:11     | Reached XP level 12. HP: 70/85 MP: 9/12
 16613 | D:11     | Killed Harold
 16883 | Lair:1   | Noticed Maggie
 16895 | Lair:1   | Killed Maggie
 16913 | Lair:1   | Noticed Nergalle
 16921 | Lair:1   | Killed Nergalle
 16922 | Lair:1   | Reached skill level 1 in Evocations
 17768 | Lair:1   | Noticed Sonja
 17773 | Lair:1   | Killed Sonja
 18168 | Lair:2   | Reached skill level 10 in Long Blades
 18170 | Lair:2   | Reached skill level 10 in Dodging
 18171 | Lair:2   | Reached skill level 10 in Fighting
 18175 | Lair:2   | Reached **** piety under Cheibriados
 18209 | Lair:2   | Noticed a four-headed hydra
 18216 | Lair:2   | Killed a three-headed hydra
 18795 | Lair:2   | Found a staircase to the Swamp.
 18798 | Lair:2   | Noticed a six-headed hydra
 18804 | Lair:2   | Killed a three-headed hydra
 18805 | Lair:2   | Reached XP level 13. HP: 85/92 MP: 10/13
 19431 | Lair:3   | Reached ***** piety under Cheibriados
 19512 | Lair:3   | Reached skill level 5 in Evocations
 20485 | Lair:4   | Got a shimmering rapier
 20485 | Lair:4   | Identified the +2 rapier "Tigeawi" {drain, Str+3} (You
                  | found it on level 4 of the Lair of Beasts)
 20512 | Lair:4   | Reached ****** piety under Cheibriados
 20594 | Lair:4   | Reached skill level 11 in Dodging
 20820 | Lair:4   | Found a hole to the Spider Nest.
 21808 | Lair:5   | Found a staircase to the Slime Pits.
 22116 | Lair:5   | Reached XP level 14. HP: 69/101 MP: 11/14
 22770 | Lair:5   | Reached skill level 1 in Invocations
 22862 | Lair:6   | Entered Level 6 of the Lair of Beasts
 22899 | Lair:6   | Found a runed translucent gate.
 22900 | Lair:6   | Found a runed translucent gate.
 22944 | Lair:6   | Found a runed translucent gate.
 22947 | Lair:6   | Noticed Rudwu's ghost (journeyman FoGl)
 24218 | Lair:6   | Found a runed translucent door.
 24239 | Lair:6   | Reached skill level 1 in Throwing
 25072 | D:12     | Found a flagged portal.
 25082 | D:12     | Reached skill level 12 in Dodging
 25095 | Bailey   | Entered a bailey
 25424 | Bailey   | Found a bloodstained altar of Trog.
 25488 | D:12     | Found Qoquukk's Antique Armour Boutique.
 25497 | D:12     | Noticed Frances
 25511 | D:12     | Killed Frances
 25660 | D:12     | Found a staircase to the Orcish Mines.
 25660 | D:12     | Found Anuxtov's Armour Boutique.
 26740 | D:13     | Learned a level 4 spell: Petrify
 26782 | D:13     | Reached XP level 15. HP: 94/108 MP: 16/18
 26788 | D:13     | Reached skill level 1 in Spellcasting
 26788 | D:13     | Reached skill level 1 in Earth Magic
 26861 | D:13     | Found a gate to the Vaults.
 27267 | D:13     | Learned a level 3 spell: Gell's Gravitas
 28878 | D:14     | Noticed Nessos
 28903 | D:14     | Killed Nessos
 29173 | D:14     | Noticed Rupert
 29181 | D:14     | Killed Rupert
 29404 | D:15     | Entered Level 15 of the Dungeon
 29441 | D:15     | Reached skill level 5 in Invocations
 29480 | D:15     | Found a hide-covered altar of Uskayaw.
 29494 | D:15     | Found Raetwi's Antique Weapon Emporium.
 30832 | Orc:1    | Entered Level 1 of the Orcish Mines
 30847 | Orc:1    | Reached XP level 16. HP: 113/115 MP: 19/21
 30983 | Orc:2    | Entered Level 2 of the Orcish Mines
 30983 | Orc:2    | Found Ecaphiex's General Store.
 31151 | Orc:2    | Noticed Saint Roka
 31163 | Orc:2    | Noticed Urug
 31168 | Orc:2    | Noticed Jorgrun
 31177 | Orc:1    | Killed Saint Roka
 31443 | Orc:1    | Killed Urug
 31600 | Orc:2    | Found a roughly hewn altar of Beogh.
 31677 | Orc:2    | Found a staircase to the Elven Halls.
 31729 | Orc:2    | Found a roughly hewn altar of Beogh.
 31729 | Orc:2    | Found Gukh's Distillery.
 31745 | Orc:2    | Killed Jorgrun
 31755 | Orc:2    | Bought a potion of heal wounds for 50 gold pieces
 31755 | Orc:2    | Bought a potion of heal wounds for 50 gold pieces
 31755 | Orc:2    | Bought a potion of heal wounds for 50 gold pieces
 31755 | Orc:2    | Bought a potion of heal wounds for 50 gold pieces
 32231 | Orc:2    | Found a roughly hewn altar of Beogh.
 32320 | Orc:2    | Found Sixomof's Antique Weapon Boutique.
 32320 | Orc:2    | Found a roughly hewn altar of Beogh.
 32323 | Orc:2    | Found Kefageex's Antique Armour Shop.
 32418 | Orc:2    | Found a roughly hewn altar of Beogh.
 32419 | Orc:2    | Found Goennam's Antique Armour Shop.
 32431 | Orc:2    | Bought a hat for 120 gold pieces
 32465 | Orc:2    | Found a roughly hewn altar of Beogh.
 32728 | Orc:2    | Bought a potion of might for 72 gold pieces
 32728 | Orc:2    | Bought a scroll of identify for 36 gold pieces
 32728 | Orc:2    | Bought a wand of iceblast (13) for 306 gold pieces
 32728 | Orc:2    | Bought a potion of might for 72 gold pieces
 32728 | Orc:2    | Bought a scroll of magic mapping for 63 gold pieces
 32761 | Orc:2    | Bought 2 potions of lignification for 60 gold pieces
 32761 | Orc:2    | Bought a potion of mutation for 80 gold pieces
 32761 | Orc:2    | Bought a potion of mutation for 80 gold pieces
 32761 | Orc:2    | Bought a potion of brilliance for 40 gold pieces
 32761 | Orc:2    | Bought a potion of curing for 30 gold pieces
 33197 | Elf:1    | Entered Level 1 of the Elven Halls
 33278 | Elf:1    | Reached skill level 15 in Shields
 34048 | Elf:1    | Found a shimmering blue altar of Sif Muna.
 34195 | Elf:1    | Identified the Handbook of Companions
 34198 | Elf:1    | Got a sparkling ruby amulet
 34202 | Elf:1    | Identified the Handbook of Calling
 34215 | Elf:1    | Identified the amulet "Deirumpioxt" {RegenMP rElec Str+2}
                  | (You found it on level 1 of the Elven Halls)
 34388 | Elf:1    | Reached skill level 13 in Dodging
 34788 | Elf:1    | Reached XP level 17. HP: 67/123 MP: 24/24
 35579 | Elf:2    | Reached skill level 10 in Invocations
 35581 | Elf:2    | Found Warruatt's Armour Shoppe.
 36413 | Elf:2    | Found a runed translucent gate.
 36506 | Elf:2    | Found a runed translucent gate.
 36506 | Elf:2    | Found a runed translucent gate.
 36967 | Elf:2    | Noticed a deep elf blademaster
 36976 | Elf:2    | Killed a deep elf blademaster
 37131 | Elf:2    | Reached skill level 14 in Dodging
 37532 | Elf:3    | Entered Level 3 of the Elven Halls
 37676 | Elf:3    | Reached skill level 5 in Throwing
 38675 | Spider:1 | Entered Level 1 of the Spider Nest
 38986 | Lair:4   | Identified the +3 rapier of the Lusting Stork {vamp, Str+5
                  | Dex+3} (You found it on level 4 of the Lair of Beasts)
 39463 | Spider:2 | Reached XP level 18. HP: 88/131 MP: 24/26
 40597 | Spider:3 | Reached skill level 15 in Dodging
 41324 | Spider:4 | Entered Level 4 of the Spider Nest
 41809 | Spider:4 | Noticed Asterion
 41813 | Spider:4 | Killed Asterion
 42575 | Spider:4 | Reached skill level 16 in Dodging
 43303 | Spider:4 | Learned a level 7 spell: Dragon Form
 43434 | Spider:4 | Reached XP level 19. HP: 120/136 MP: 16/28
 43438 | Spider:4 | Learned a level 3 spell: Spider Form
 43496 | Spider:4 | Got a gossamer rune of Zot
 43958 | Vaults:1 | Entered Level 1 of the Vaults
 44065 | Vaults:1 | Reached skill level 17 in Dodging
 44065 | Vaults:1 | Reached skill level 5 in Transmutations
 45182 | Vaults:1 | Found a portal to a secret trove of treasure.
 45449 | Vaults:2 | Reached skill level 5 in Spellcasting
 45449 | Vaults:2 | Reached XP level 20. HP: 143/143 MP: 29/29
 45456 | Vaults:2 | Learned a level 5 spell: Silence
 45463 | Vaults:2 | Learned a level 5 spell: Yara's Violent Unravelling
 45614 | Vaults:2 | Reached skill level 1 in Hexes
 45614 | Vaults:2 | Reached skill level 1 in Air Magic
 45941 | Vaults:2 | Noticed a bone dragon
 45960 | Vaults:2 | Killed a bone dragon
 46224 | Vaults:2 | Noticed Jory
 46228 | Vaults:2 | Reached skill level 5 in Hexes
 46228 | Vaults:2 | Reached skill level 5 in Air Magic
 46236 | Vaults:2 | Killed Jory
 46370 | Vaults:2 | Reached XP level 21. HP: 148/148 MP: 30/30
 46605 | Vaults:2 | Found a staircase to the Crypt.
 48334 | Elf:3    | Identified the +5 rapier of Ointment {freeze, rElec Will-
                  | Int+5}
 48351 | Elf:3    | Identified the +1 plate armour of Tuekhlof {Rampage Str+2}
 48361 | Elf:3    | Identified the +6 quarterstaff of Joyful Slaughter {venom,
                  | rPois rC+}
 48695 | Elf:3    | Identified the +1 falchion of the Final Stories {flame,
                  | rC+}
 48855 | Elf:3    | Identified the +10 spear "Ereot Irgh" {flame, *Contam MP+9
                  | Str+7 Int+3}
 48859 | Elf:3    | Identified the amulet of Cer Myud {Spirit rN+ Dex+2 Stlth-}
 48888 | Elf:3    | Killed from afar by a deep elf annihilator

Illustrated notes

Levels and vault maps discovered:
D:1:      lightli_molten_gateway, layout_rooms
D:2:      layout_rooms, nicolae_overflow_crystal_walls, serial_aquarium,
          aquarium_bridge_straight [aquarium_subvault_bridge,
          aquarium_subvault_balcony, aquarium_subvault_bridge,
          aquarium_subvault_wall], aquarium_bridge_straight
          [aquarium_subvault_bridge, aquarium_subvault_window,
          aquarium_subvault_bridge, aquarium_subvault_window],
          aquarium_window_corner, aquarium_window_corridor_1, aquarium_window_1,
          aquarium_view_2a, aquarium_view_2d, grunt_ministairs_10,
          uniq_crazy_yiuf_cottage
D:3:      layout_basic, serial_forest, infiniplex_forest_split,
          infiniplex_forest_end_1, infiniplex_forest_lined_corner,
          infiniplex_forest_clump_diagonal, infiniplex_forest_zigzag_1,
          infiniplex_forest_end_2, patterned_corridor
D:4:      layout_cave_pods, kennysheep_mini, minmay_temple_entry_gardened_gates,
          serial_bayou_crossing, uniq_eustachio
D:5:      layout_loops_ring, serial_aquarium, aquarium_bridge_straight
          [aquarium_subvault_bridge, aquarium_subvault_window,
          aquarium_subvault_bridge, aquarium_subvault_wall],
          aquarium_bridge_square [aquarium_subvault_window,
          aquarium_subvault_balcony, aquarium_subvault_bridge,
          aquarium_subvault_balcony], aquarium_window_fake, aquarium_window_1,
          aquarium_window_1, aquarium_view_2c, aquarium_pool_1, basic_altar,
          lightli_minifort, uniq_grinder, uniq_pikel, uniq_duvessa,
          uniq_blork_the_orc
D:6:      layout_basic, uniq_sigmund
D:7:      layout_loops_ring, general_overflow_altar, makhleb_heckhound_becter,
          serial_shops, nicolae_shop_window_shopping, minivault_14,
          uniq_prince_ribbit1
D:8:      lemuel_bear_cage, layout_gridville, due_lair_maze_entry_diamond,
          gammafunk_ghost_abyssal_escape, eino_jars, uniq_psyche, uniq_maurice,
          uniq_erica, uniq_joseph, uniq_grum
D:9:      layout_stronghold, ashenzari_conservatory_becter,
          cheibrodos_worm_habitat
D:10:     layout_rooms
D:11:     layout_small_grid, uniq_harold
D:12:     layout_stronghold, orc_david_3, serial_shops,
          nicolae_shop_overgrown_old_shop, enter_bailey_3, uniq_frances
D:13:     layout_basic, lightli_vaults_fourway_checkpoint, lemuel_flamethrower_2
D:14:     layout_basic, nicolae_lava_and_water, uniq_nessos, uniq_rupert
D:15:     gammafunk_enter_depths_forms, layout_irregular_city, basic_altar,
          serial_shops, shop, serial_park_tiny_pond, eino_house_with_fridge
Temple:   regret_index_temple_sphere_string
Lair:1:   layout_loops_ring, portal_ice_cave_demonic_guard,
          serial_bayou_shore_b, minmay_lair_oklob_chamber, uniq_nergalle,
          uniq_maggie, uniq_sonja
Lair:2:   layout_cave_pods, minmay_swamp_entry_reptiles, gauntlet_entry_generic,
          chequers_serial_rivers_small_b
Lair:3:   regret_index_bee_streams, layout_regular_city,
          infiniplex_staircase_pool_2, grunt_megastairs_3
Lair:4:   layout_regular_city, spider_nest_entry_webs, minmay_lindwurm_lava,
          serial_bayou_shore_b
Lair:5:   layout_small_grid, nicolae_slime_entry_slimehenge,
          chequers_serial_rivers_small_3, bobbens_ice_dragon_lair,
          lemuel_fruit_fields
Lair:6:   wormcave, layout_hall_layers, guppyfry_lair_end_dragon,
          gammafunk_ghost_hydra_chop, chequers_serial_rivers_small_3
Spider:1: layout_spider_delve, drop_trap, hive_lemuel
Spider:2: layout_spider_delve, nicolae_spider_cling_halls
Spider:3: layout_spider_delve
Spider:4: guppyfry_spider_rune, minmay_another_anthill, uniq_asterion
Orc:1:    layout_caves
Orc:2:    grunt_orc_community_town_hall, layout_diamond_mine,
          grunt_orc_community_big_house_1, grunt_orc_community_big_house_1,
          grunt_orc_community_house_2, grunt_orc_community_house_1,
          grunt_orc_community_house_2, grunt_orc_community_house_1,
          serial_shops, nicolae_shop_crystal, uniq_saint_roka, uniq_urug,
          uniq_jorgrun
Elf:1:    eino_elf_arrival_customs, layout_loops_corners, evilmike_minifort,
          hangedman_summoners_spam
Elf:2:    layout_loops_corners, serial_shops, nicolae_shop_trees
Elf:3:    minmay_elf_hall_x, layout_geoelf_octagon
Vaults:1: hangedman_vaults_stitches, nicolae_vaults_little_squares_6,
          vaults_dpeg_spiral, nicolae_vaults_yaktaur_gun_rack,
          vaults_dpeg_encased_lava, ontoclasm_vaults_gallery,
          vaults_room_door_ring, vaults_mumra_minichess, ontoclasm_vaults_fault,
          vaults_room_pools, v_misc_12, dpeg_vaults_monster_box, v_misc_25,
          nicolae_vaults_diagonal_hallway_8, layout_vaults_ring,
          nicolae_trove_entry_crystal
Vaults:2: hangedman_vaults_slice, minmay_crypt_entry_nasty_monster, st_lines,
          v_alt_pattern_6, nicolae_vaults_circle_grid_a, v_misc_17, v_misc_22,
          nicolae_vaults_network_s, nicolae_vaults_circle_grid_b, v_misc_24,
          hangedman_vaults_hat, v_pattern_2, nicolae_vaults_alarming,
          layout_vaults_maze_snakey, uniq_jory
Vaults:3: st_quartered_hall, hangedman_vaults_impose, hangedman_vaults_snaps,
          nicolae_vaults_what_the_h, v_misc_18, v_misc_28,
          nicolae_vaults_specimen_jars, ontoclasm_vaults_chip,
          layout_vaults_quadrants, uniq_margery

Skill      XL: |  1  2  3  4  5  6  7  8  9 10 11 12 13 14 15 16 17 18 19 20 21 |
---------------+----------------------------------------------------------------+-----
Shields        | 1 2 3 5 7 8 10 11 12 13 14 15 | 15.0
Fighting       | 4 5 6 7 8 9 10 11 12 13 14 | 14.0
Long Blades    | 4 5 6 8 9 10 11 12 14 | 14.0
Dodging        | 4 5 6 8 9 10 11 12 13 14 16 17 | 17.5
Transmutations | 2 4 7 |  7.2
Evocations     | 4 5 |  5.0
Invocations    | 4 6 9 11 13 | 13.0
Throwing       | 3 6 8 |  8.0
Spellcasting   | 1 5 6 |  6.0
Earth Magic    | 1 |  1.9
Hexes          | 5 8 |  8.0
Air Magic      | 5 8 |  8.0
Stealth        | |  2.6

Action                   |  1- 3 |  4- 6 |  7- 9 | 10-12 | 13-15 | 16-18 | 19-21 || total
-------------------------+-------+-------+-------+-------+-------+-------+-------++-------
Melee: Falchion          |    41 |    81 |    59 |       |       |       |       ||   181
       Constrict         |    12 |    24 |    69 |    89 |   120 |   208 |    79 ||   601
       Tentacles         |    10 |    23 |    76 |   145 |   263 |   278 |   186 ||   981
       Long sword        |       |       |   165 |   192 |       |       |       ||   357
       Scimitar          |       |       |       |   207 |   616 |   671 |   352 ||  1846
       Kick              |       |       |       |    52 |   171 |   127 |    28 ||   378
Throw: Throwing net      |       |       |     1 |     1 |       |       |       ||     2
       Boomerang         |       |       |       |    28 |   111 |   262 |   184 ||   585
       Javelin           |       |       |       |       |     3 |    17 |    31 ||    51
       Dart              |       |       |       |       |       |       |     1 ||     1
 Cast: Beastly Appendage |       |       |       |    10 |    42 |    27 |     2 ||    81
       Wereblood         |       |       |       |     4 |    37 |    28 |    10 ||    79
       Gell's Gravitas   |       |       |       |       |     3 |    14 |       ||    17
       Petrify           |       |       |       |       |       |     1 |       ||     1
       Yara's Violent Un |       |       |       |       |       |       |     1 ||     1
Invok: Slouch            |       |       |       |       |     1 |    12 |     2 ||    15
       Temporal Distorti |       |       |       |       |     1 |     1 |     3 ||     5
       Step From Time    |       |       |       |       |       |       |     1 ||     1
Evoke: Wand              |       |       |     2 |    43 |    31 |    10 |    14 ||   100
       Phial of floods   |       |       |       |       |     2 |     1 |     2 ||     5
       Box of beasts     |       |       |       |       |       |     1 |     3 ||     4
  Use: Potion            |       |     5 |     2 |       |     6 |     5 |     6 ||    24
       Scroll            |       |     4 |     4 |     9 |     8 |    12 |     3 ||    40
 Stab: Sleeping          |     9 |     1 |    27 |    15 |    29 |    14 |    10 ||   105
       Distracted        |       |       |     1 |       |     8 |     6 |     1 ||    16
       Petrified         |       |       |       |     5 |       |       |       ||     5
       Petrifying        |       |       |       |     2 |       |       |       ||     2
       Paralysed         |       |       |       |     2 |       |     2 |       ||     4
       Invisible         |       |       |       |       |       |     7 |       ||     7
Armor: Skin              |     2 |    13 |     7 |    28 |    29 |    14 |     9 ||   102
Dodge: Dodged            |    29 |    54 |    93 |   188 |   436 |   621 |   178 ||  1599
Block: Kite shield       |    14 |    37 |    91 |   279 |   591 |   754 |   293 ||  2059
       Rpst.: Falchion   |     9 |    15 |     8 |       |       |       |       ||    32
       Long sword        |       |       |    21 |    27 |       |       |       ||    48
       Scimitar          |       |       |       |    21 |   100 |   116 |    32 ||   269

Table legend: (Time is in decaauts)
 A = Elapsed time spent in this place.
 B = Non-inter-level travel time spent in this place.
 C = Inter-level travel time spent in this place.
 D = Time resting spent in this place.
 E = Time spent auto-exploring this place.
 F = Levels seen in this place.
 G = Mean time per level.
                   A        B        C        D        E       F      G
               +--------+--------+--------+--------+--------+-----+--------+
         Total |  66528 |  61494 |   5034 |   9857 |  41167 |  35 | 1900.8 |
       Dungeon |  27147 |  24574 |   2573 |   4067 |  16569 |  15 | 1809.8 |
        Temple |    189 |    169 |     20 |      0 |    168 |   1 |  189.0 |
          Lair |  12877 |  12131 |    746 |   1326 |   8933 |   6 | 2146.2 |
   Spider Nest |   7357 |   6952 |    405 |   1258 |   4816 |   4 | 1839.2 |
  Orcish Mines |   3680 |   3280 |    400 |    554 |   2055 |   2 | 1840.0 |
   Elven Halls |  10278 |   9566 |    712 |   2431 |   4957 |   3 | 3426.0 |
        Vaults |   4533 |   4357 |    176 |    217 |   3401 |   3 | 1511.0 |
        Bailey |    464 |    464 |      0 |      4 |    267 |   1 |  464.0 |
               +--------+--------+--------+--------+--------+-----+--------+

Top non-repeatable levels by time:
   Elf:1: 3951 daAuts
   Elf:3: 3858 daAuts
     D:5: 3237 daAuts
Spider:4: 3165 daAuts
    D:13: 3124 daAuts
  Lair:6: 3035 daAuts
   Elf:2: 2467 daAuts
  Lair:4: 2391 daAuts
     D:8: 2380 daAuts
Vaults:2: 2326 daAuts
   Orc:2: 2139 daAuts
     D:3: 2113 daAuts
Vaults:1: 2100 daAuts
    D:12: 2071 daAuts
    D:15: 2054 daAuts
